 Dungeon Crawl Stone Soup version 0.23.2-1-ga50397a6bc (webtiles) character file.

Game seed: 8751060112653374566

246 Foic the Cudgeler (level 5, -2/53 HPs)
             Began as a Troll Berserker on May 12, 2019.
             Was a Believer of Trog.
             Killed from afar by Grinder (9 damage)
             ... with a wand of flame (3)
             ... on level 3 of the Dungeon.
             The game lasted 00:08:02 (2421 turns).

Foic the Cudgeler (Troll Berserker)                 Turns: 2421, Time: 00:08:05

Health: -2/53      AC:  6    Str: 26    XL:     5   Next: 84%
Magic:  4/4        EV: 11    Int:  3    God:    Trog [**....]
Gold:   183        SH:  0    Dex:  9    Spells: 4/4 levels left

rFire    . . .     SeeInvis .   a - +0 mace
rCold    . . .     Gourm    +   (no shield)
rNeg     . . .     Faith    .   b - +0 animal skin
rPois    .         Spirit   .   (helmet restricted)
rElec    .         Reflect  .   (no cloak)
rCorr    .         Harm     .   (gloves unavailable)
MR       ++...                  (boots unavailable)
Stlth    +.........             (no amulet)
HPRegen  1.57/turn              (no ring)
MPRegen  0.09/turn              (no ring)

@: berserk cooldown, regenerating, slowed, very slow
A: large, unfitting armour, claws 3, fast metabolism 3, gourmand, regeneration
1, shaggy fur 1, tough skin 3
a: Berserk, Trog's Hand, Renounce Religion


You were on level 3 of the Dungeon.
You worshipped Trog.
Trog was pleased with you.
You were not hungry.

You visited 1 branch of the dungeon, and saw 3 of its levels.

You collected 183 gold pieces.

Inventory:

Hand Weapons
 a - a +0 mace (weapon)
Missiles
 h - 137 stones (quivered)
Armour
 b - a +0 animal skin (worn)
 e - a +2 large shield of protection
Jewellery
 i - a cursed -3 ring of intelligence {unknown}
Wands
 p - a wand of enslavement (6)
Scrolls
 f - a scroll of remove curse
 j - a scroll of teleportation {unknown}
 k - 4 scrolls of identify {unknown}
 l - a scroll of noise {unknown}
 m - a scroll of fear {unknown}
 n - a scroll of enchant armour {unknown}
 q - a scroll of fog {unknown}
 r - 2 scrolls of random uselessness {unknown}
Potions
 d - 3 potions of curing
 g - a potion of heal wounds
 o - a potion of lignification
 s - a potion of haste
Comestibles
 c - 4 rations


   Skills:
 + Level 3.5 Fighting
 + Level 4.4 Maces & Flails
 + Level 3.6 Dodging


You had 4 spell levels left.
You didn't know any spells.
Your spell library was empty.

Dungeon Overview and Level Annotations

Branches:
Dungeon (3/15)

Altars:
Dithmenos
Elyvilon
Uskayaw

Annotations:
D:3 Grinder


Innate Abilities, Weirdness & Mutations

You are too large for most types of armour.
You have claws for hands.
Your metabolism is lightning-fast.
You like to eat raw meat.
Your natural rate of healing is unusually fast.
You are covered in fur. (AC +1)
You have extremely tough skin. (AC +3)


Message History

You suddenly lose the ability to move!
Grinder hits you but does no damage. Grinder gestures at you.
You shrug off the repeated paralysis!
Grinder zaps a wand.
The puff of flame hits you!
Grinder zaps a wand.
The puff of flame hits you.
You can move again.
Your skin crawls.
You feel resistant to hostile enchantments.
You feel somewhat more hungry.
Grinder zaps a wand.
The puff of flame hits you!
* * * LOW HITPOINT WARNING * * *
Unknown command.
You hit Grinder.
Grinder is moderately wounded.
Grinder hits you.
* * * LOW HITPOINT WARNING * * *
You writhe in agony.
* * * LOW HITPOINT WARNING * * *
Grinder zaps a wand.
The puff of flame hits you!
You die...

### ##.######.
#......... #.# #.# ###
#.# ##.## #.#
##.#.###@# ##.###.##5#
#.## ##...# ##.###.####
##+# ##.#.## ##...##
##.#### ##.....##
#.##.## ##.......## #
#.#...####.........####
#........+.........'...


You could see Grinder.

Vanquished Creatures
  An ice beast (D:1)
  10 adders
  3 worms
  2 dart slugs
  An orc (D:3)
  A ball python (D:2)
  4 bats
  A giant cockroach (D:1)
  9 goblins
  5 hobgoblins
  7 jackals
  5 kobolds
  A quokka (D:2)
  3 frilled lizards
  5 rats
58 creatures vanquished.

Notes
Turn   | Place    | Note
-------+----------+-------------------------------------------
     0 | D:1      | Foic the Troll Berserker began the quest for the Orb.
     0 | D:1      | Reached XP level 1. HP: 22/22 MP: 0/0
   248 | D:1      | Reached XP level 2. HP: 27/29 MP: 1/1
   312 | D:1      | Reached skill level 3 in Maces & Flails
   518 | D:2      | Noticed an ice beast
   571 | D:1      | Killed an ice beast
   571 | D:1      | Reached XP level 3. HP: 24/37 MP: 2/2
   571 | D:1      | Reached XP level 4. HP: 29/45 MP: 3/3
   800 | D:2      | Reached ** piety under Trog
   800 | D:2      | Reached XP level 5. HP: 53/53 MP: 4/4
   891 | D:2      | Found a faded altar of an unknown god.
   970 | D:2      | Reached skill level 4 in Maces & Flails
  1341 | D:2      | Found a white marble altar of Elyvilon.
  1341 | D:2      | Found a hide-covered altar of Uskayaw.
  1342 | D:2      | Found a shadowy altar of Dithmenos.
  2395 | D:3      | Noticed Grinder
  2400 | D:3      | Paralysed by Grinder for 6 turns
  2415 | D:3      | Paralysed by Grinder for 5 turns
  2421 | D:3      | Killed from afar by Grinder

Skill      XL: |  1  2  3  4  5 |
---------------+----------------+-----
Maces & Flails | 3 4 |  4.4
Fighting       | 3 |  3.5
Dodging        | 3 |  3.6

Action                   |  1- 3 |  4- 6 || total
-------------------------+-------+-------++-------
Melee: Mace              |    61 |   196 ||   257
Invok: Berserk           |       |     1 ||     1
       Trog's Hand       |       |     1 ||     1
  Use: Potion            |       |     6 ||     6
       Scroll            |       |     1 ||     1
  Eat: Chunk             |     9 |    15 ||    24
Armor: Animal skin       |    27 |    85 ||   112
Dodge: Dodged            |    54 |   112 ||   166
